 Dungeon Crawl Stone Soup version 0.14-a0-3194-g0089908 (webtiles) character file.

623150 inopia the Minotaur Porcupine (level 26, -14/246 HPs)
             Began as a Minotaur Fighter on Mar 9, 2014.
             Was the Champion of Okawaru.
             Killed from afar by a hellion (33 damage)
             ... with a burst of hellfire
             ... on Level 9 of a ziggurat on Mar 11, 2014.
             The game lasted 07:35:12 (64545 turns).

inopia the Minotaur Porcupine (Minotaur Fighter)   Turns: 64545, Time: 07:35:14

HP -14/246       AC 41     Str 32      XL: 26   Next: 50%
MP  20/25        EV 18     Int 10      God: Okawaru [******]
Gold 2723        SH 42     Dex 20      Spells:  0 memorised, 26 levels left

rFire  + + .     SeeInvis +     G - +11,+6 demon trident "Eneonoys" {drain, Str+3 Int+4 Curse}
rCold  + + .     Clarity  .     N - +11 plate armour of Resilience {rElec rF+ SInv}
rNeg   . . .     Conserve +     L - +2 shield {rPois}
rPois  +         rCorr    +     R - +2 hat {SInv}
rElec  +         rRot     .     d - +2 cloak {rCorr, Cons}
SustAb + .       Spirit   .     a - +2 pair of gloves {Str+3}
rMut   +         Warding  .     h - +2 pair of boots {+Jump}
Saprov . . .     Stasis   .     W - amulet of resist mutation
MR     +....                    k - ring "Oludeosm" {SustAb +Rage}
                                s - ring "Xeocedod" {rC+ Str+3 Int+1}

@: very slightly contaminated, finesse, somewhat resistant to hostile
enchantments, extremely unstealthy
A: retaliatory headbutt, horns 2, blurry vision 1, fast metabolism 1
a: Heroism, Finesse, Renounce Religion, Evoke Berserk Rage, Evoke Jump Attack
}: 4/15 runes: serpentine, barnacled, silver, abyssal


You were on level 9 of a ziggurat.
You worshipped Okawaru.
Okawaru was exalted by your worship.
You were not hungry.

You visited 9 branches of the dungeon, and saw 51 of its levels.
You visited the Abyss 4 times.
You visited 1 Ziggurat, and saw 9 of its levels.
You also visited: Labyrinth, Sewer and Ice Cave.

You collected 5967 gold pieces.
You spent 3244 gold pieces at shops.

Inventory:

Hand weapons
 g - the +9,+9 Staff of Wucad Mu
   (You found it on level 4 of a ziggurat)
 t - the +3,+3 Elemental Staff {rElec rF++ rC++ MR++ AC+5}
   (You found it on level 8 of a ziggurat)

   It affects your AC (+5).
   It greatly protects you from fire.
   It greatly protects you from cold.
   It insulates you from electricity.
   It affects your resistance to hostile enchantments.
 D - a +5,+5 demon trident of draining
 G - the +11,+6 demon trident "Eneonoys" (weapon) {drain, Str+3 Int+4 Curse}
   (Okawaru gifted it to you on level 11 of the Dungeon)

   A truly terrible weapon, it drains the life of those it strikes.
   It affects your strength (+3).
   It affects your intelligence (+4).
   It may recurse itself when equipped.
 Z - the +10,+4 trident of the Octopus King {venom, rElec rPois MR+}
   (You took it off a deep elf mage on level 4 of the Depths)

   It poisons the flesh of those it strikes.
   It insulates you from electricity.
   It protects you from poison.
   It affects your resistance to hostile enchantments.
Missiles
 B - 10 darts of dispersal
 T - 10 tomahawks of returning
 X - 12 javelins of penetration (quivered)
Armour
 a - a +2 pair of gloves of strength (worn)
 d - a +2 cloak of preservation (worn)
 h - a +2 pair of boots of jumping (worn)
 L - a +2 shield of poison resistance (worn)
 N - the +11 plate armour of Resilience (worn) {rElec rF+ SInv}
   (You took it off a deep elf priest on level 4 of the Depths)

   It protects you from fire.
   It insulates you from electricity.
   It enhances your eyesight.
 R - a +2 hat of see invisible (worn)
Magical devices
 c - a wand of digging (12)
 i - a wand of invisibility (5)
 A - a wand of hasting (4)
Comestibles
 v - 10 meat rations
Scrolls
 e - 13 scrolls of teleportation
 f - 8 scrolls of identify
 l - 19 scrolls of remove curse
 o - 6 scrolls of fog
 C - 5 scrolls of magic mapping
 F - 6 scrolls of fear
 P - 4 scrolls of recharging
 U - 2 scrolls of vulnerability
 Y - 7 scrolls of blinking
Jewellery
 k - the ring "Oludeosm" (right hand) {SustAb +Rage}
   (You bought it in a shop on level 6 of the Dungeon)

   [ring of sustain abilities]

   It lets you go berserk.
 n - an uncursed ring of flight
 p - an uncursed amulet of conservation
 r - an uncursed ring of teleport control
 s - the ring "Xeocedod" (left hand) {rC+ Str+3 Int+1}
   (You took it off a vault warden on level 5 of the Vaults)

   [ring of protection from cold]

   It affects your strength (+3).
   It affects your intelligence (+1).
 u - an uncursed amulet of stasis
 w - an uncursed ring of positive energy
 y - an uncursed ring of protection from fire
 J - an uncursed ring of positive energy
 O - an uncursed ring of regeneration
 Q - an uncursed ring of regeneration
 W - an amulet of resist mutation (around neck)
Potions
 b - 2 potions of resistance
 j - 16 potions of curing
 x - 2 potions of porridge
 E - 6 potions of restore abilities
 H - 3 potions of heal wounds
 I - 2 potions of berserk rage
 K - 3 potions of invisibility
 S - 5 potions of speed
Miscellaneous
 m - a lamp of fire
 q - a lamp of fire
 z - a lamp of fire
 M - a lamp of fire
 V - a lantern of shadows


   Skills:
 + Level 22.0 Fighting
 O Level 27 Polearms
 + Level 13.1 Throwing
 + Level 16.7 Armour
 + Level 14.5 Dodging
 * Level 12.8 Stealth
 + Level 25.6 Shields
 + Level 0.8 Spellcasting
 + Level 5.3 Invocations
 + Level 2.4 Evocations


You had 26 spell levels left.
You didn't know any spells.

Dungeon Overview and Level Annotations

Branches:
Dungeon (16/16)            Temple (1/1) D:7             Orc (4/4) D:12
    Elf (0/3) Orc:3          Lair (8/8) D:8          Shoals (5/5) Lair:5
  Snake (5/5) Lair:3        Slime (0/6) Lair:8       Vaults (5/5) D:15
  Blade (1/1) Vaults:3      Crypt (0/5) Vaults:2        Zot (0/5) Depths:6
 Depths (6/6) D:16

Altars:
Ashenzari
Cheibriados
Dithmenos
Elyvilon
Fedhas
Kikubaaqudgha
Makhleb
Nemelex Xobeh
Okawaru
Sif Muna
Trog
Vehumet
Xom
Yredelemnul
Zin
The Shining One
Beogh
Lugonu

Shops:
D:6 }=   D:9 !   D:11 =   D:12 (}   D:14 *   Orc:4 !!?(   Shoals:1 !
Vaults:1 [   Vaults:2 ?   Vaults:3 *   Vaults:5 !?%   Depths:3 ?

Portals:
Hell: Depths:1 Depths:2 Depths:3 Depths:4 Depths:5 Depths:6
Abyss: Depths:2 Depths:4 Depths:5 Depths:6
Pandemonium: Depths:3
Trove: Vaults:4 (give 2 scrolls of acquirement)


Innate Abilities, Weirdness & Mutations

You reflexively headbutt those who attack you in melee.
You have a pair of horns on your head.
Your vision is a little blurry.
You have a fast metabolism.


Message History

Press: ? - help, Dir - move target cursor, p - Hell Sentinel
As you read the scroll of blinking, it crumbles to dust.
You are very lightly contaminated with residual magic.
An iron imp, a hellion, an iron devil, a zombie and a skeleton come into view.
The iron devil screeches!
The iron imp shouts, "Surrender, thou pecksniffian flap-mouthed swadder!"
Found fourteen items.
Found two gates leading back out of here.
Found a stone staircase leading down.
Press: ? - help, v - describe, . - travel
Here: an iron imp The floor.
Read which item? (? for menu, Esc to quit)
The writing blurs in front of your eyes.
The tormentor calls on the powers of darkness!
Your body is wracked with pain!
* * * LOW HITPOINT WARNING * * *
The hellion gestures at you.
The hellfire explodes!
The burst of hellfire engulfs you!
You die...

▓▓▓.##.......##.
▓▓...##.......##Z..▓
▓...................▓
▓................Z))▓
▓▓...........z2...$∩?▓▓
▓..∩.....§.....z54[5)!▓
▓▓..........Z224W2=∩(▓
▓............125..)"▓
▓..............@....▓
▓▓...##.......##...▓▓
▓▓▓.##......2##.▓▓▓
▓▓...........▓▓
▓▓▓▓▓▓.▓▓▓▓▓▓ ▓


You could see a Hell Sentinel, a skeletal warrior, 2 iron devils, 4 hellions, 2
tormentors, a wraith, 3 iron imps, a quicksilver dragon zombie, an elf zombie, a
titan zombie and a frost giant skeleton.

Vanquished Creatures
  An ancient lich (Vaults:5)
  Boris (Vaults:4)
  A curse toe (Zig:4)
  Mara (Depths:1)
  Saint Roka (Snake:3)
  6 bone dragons
  Jory (Vaults:4)
  An illusory Mara (Depths:1)
  Frederick (Depths:3)
  A player illusion (Depths:1)
  8 liches
  An Ice Fiend (IceCv)
  8 tentacled monstrosities
  4 golden dragons
  Vashnia (Snake:5)
  2 titans
  5 tentacled starspawn
  6 sphinxes
  2 krakens
  3 storm dragons
  Agnes (Depths:1)
  An Executioner (Abyss:1)
  An ancient champion (Depths:5)
  5 shadow dragons
  9 tengu reavers
  Polyphemus (Shoals:2)
  A balrug (Depths:3)
  A ghost moth (Vaults:1)
  Ilsuiw (Shoals:5)
  5 frost giants
  2 deep elf sorcerers
  11 fire giants
  3 draconian zealots (Zig:6)
  A cacodemon (Depths:1)
  9 greater nagas
  7 iron dragons
  A draconian knight (Depths:6)
  16 vault wardens
  4 emperor scorpions
  2 war gargoyles
  Aizul (Snake:5)
  3 deep elf demonologists
  4 spriggan defenders
  2 draconian shifters
  Jorgrun (Vaults:4)
  A lorocyproca (Abyss:1)
  3 green draconians
  A deep elf annihilator (Vaults:2)
  3 grey draconians (Depths:6)
  3 octopode crushers (Depths:4)
  6 merfolk javelineers
  3 pale draconians
  4 dire elephants
  15 stone giants
  7 spriggan air magi
  A black draconian (Zig:6)
  2 crystal guardians
  A blizzard demon (Vaults:5)
  A purple draconian (Depths:6)
  A white draconian (Depths:6)
  10 merfolk impalers
  A green death (Abyss:4)
  A mottled draconian (Depths:6)
  2 red draconians (Depths:6)
  2 sirens
  3 jiangshi (Abyss:1)
  A mottled draconian (shapeshifter) (Depths:2)
  2 ravenous feature mimics
  18 ironheart preservers
  42 vault guards
  8 fire dragons
  13 ice dragons
  6 merfolk aquamancers (Shoals:5)
  2 minotaurs
  2 deep elf death magi (Vaults:5)
  15 naga warriors
  10 ettins
  Nessos (Shoals:2)
  21 dancing weapons
  3 shambling mangroves (Zig:8)
  5 hydras
  A spectral stone giant (Vaults:5)
  25 deep troll earth magi
  3 satyrs
  2 alligators (Zig:7)
  12 deep troll shamans
  4 vampire magi
  9 great orbs of eyes
  7 rakshasas
  9 spriggan berserkers
  2 plague shamblers (D:16)
  4 anacondas
  A spectral elf (Vaults:5)
  A sun demon (Abyss:1)
  8 tengu warriors
  Harold (Lair:1)
  6 thrashing horrors
  Urug (D:11)
  22 yaktaur captains
  13 centaur warriors
  20 very ugly things
  3 wretched stars
  41 deep trolls
  2 deep elf knights
  5 shadow wraiths
  4 spatial maelstroms
  17 naga sharpshooters
  7 skeletal warriors
  A spriggan zombie (Zig:4)
  A fire crab (Vaults:2)
  A storm dragon skeleton (Abyss:3)
  24 large abominations
  24 ogre magi
  A hell beast (Depths:5)
  15 hell knights
  9 ice devils
  2 deep elf high priests
  2 flayed ghosts (Vaults:3)
  A shock serpent (shapeshifter) (Depths:2)
  6 catoblepae
  A shadow demon (Abyss:4)
  36 death yaks
  10 shock serpents
  3 naga ritualists
  An orb spider (shapeshifter) (Vaults:4)
  2 ice statues (IceCv)
  16 sea snakes
  24 ironbrand convokers
  11 hill giants
  Nergalle (Orc:2)
  A lindwurm (shapeshifter) (Depths:3)
  A hill giant (shapeshifter) (Depths:3)
  2 swamp dragons
  2 spriggan druids
  11 unseen horrors
  A flaming corpse (Abyss:4)
  5 water nymphs
  13 iron trolls
  A wolf spider zombie (D:16)
  9 griffons
  A very ugly thing zombie (Depths:1)
  10 necromancers
  A shining eye (Depths:6)
  2 worldbinders
  24 harpies
  A harpy (shapeshifter) (D:15)
  A deep elf conjurer (Vaults:2)
  2 stone giant zombies
  A spectral human (Vaults:1)
  2 frost giant zombies
  4 mana vipers
  A draconian zombie (Zig:6)
  5 wizards
  3 giant orange brains
  5 oklob plants
  A sphinx skeleton (Depths:4)
  9 cyclopes
  A deep elf summoner (Depths:3)
  2 tengu skeletons
  A phantasmal warrior (Vaults:2)
  7 manticores
  A fire giant skeleton (Depths:1)
  2 octopodes (shapeshifter)
  3 red wasps
  2 elephants (Zig:3)
  3 sixfirhies
  5 guardian serpents
  Maurice (D:9)
  4 moths of wrath (Depths:6)
  2 orange demons
  A frost giant skeleton (Depths:4)
  2 smoke demons (Abyss:1)
  21 vault sentinels
  30 naga magi
  2 feature mimics
  2 apocalypse crabs
  14 fauns
  5 orc sorcerers
  A moth of wrath (shapeshifter) (Vaults:4)
  A spiny frog (shapeshifter) (Depths:4)
  25 black mambas
  2 ghost moth simulacra (Abyss:1)
  Psyche (D:11)
  An efreet (Abyss:4)
  20 raiju
  A fire drake (Lair:4)
  6 octopodes
  A yaktaur skeleton (D:16)
  77 yaktaurs
  3 centaur zombies
  7 blue devils (IceCv)
  16 orc knights
  A black mamba (shapeshifter) (Depths:1)
  6 salamanders
  A red devil (Depths:3)
  A demonic crawler (Abyss:4)
  A guardian mummy (D:16)
  2 elves (shapeshifter)
  2 wolf spiders
  4 iron devils
  10 spiny frogs
  9 ancient zymes
  11 mermaids
  A fire drake (shapeshifter) (Vaults:4)
  A minotaur zombie (Lab)
  4 wandering mushrooms
  5 hydra zombies
  A guardian serpent (shapeshifter) (D:15)
  11 freezing wraiths
  An iron troll skeleton (Vaults:4)
  A sphinx simulacrum (Depths:4)
  7 komodo dragons
  A hellwing (Depths:3)
  12 trolls
  2 baby alligators (shapeshifter)
  11 spriggans
  19 blink frogs
  A black draconian zombie (Zig:6)
  A polar bear (Lair:8)
  2 giant fireflies
  28 slime creatures
  13 deep elf priests
  A wolf spider simulacrum (Vaults:1)
  Prince Ribbit (D:7)
  A jumping spider (shapeshifter) (Vaults:5)
  2 tengu conjurers
  A blink frog (shapeshifter) (Vaults:2)
  A giant leech (Zig:1)
  A griffon zombie (D:15)
  4 human zombies
  An ettin zombie (Depths:1)
  18 ravens
  A brown ooze (shapeshifter) (Vaults:4)
  A flying skull (Zig:4)
  2 redbacks (Depths:3)
  A queen bee (shapeshifter) (Vaults:5)
  13 snapping turtles
  A trapdoor spider (shapeshifter) (Vaults:5)
  9 boulder beetles
  8 ynoxinuls
  A basilisk (shapeshifter) (Vaults:5)
  10 air elementals
  14 water elementals
  71 yaks
  A hog (D:9)
  A stone giant simulacrum (Vaults:1)
  5 neqoxecs
  A wraith (D:10)
  An elf zombie (Depths:4)
  6 hungry ghosts
  A hill giant zombie (D:15)
  10 hippogriffs
  4 vampires
  91 ugly things
  7 shadows
  2 steam dragons
  6 deep elf magi
  3 basilisks
  An ugly thing zombie (Depths:1)
  A golden eye (Abyss:4)
  30 two-headed ogres
  Eustachio (Orc:1)
  15 vampire mosquitoes
  A hippogriff (shapeshifter) (Vaults:4)
  8 chaos spawn
  A hill giant skeleton (D:10)
  A shock serpent simulacrum (Abyss:4)
  An elf skeleton (Depths:1)
  3 grizzly bears
  6 wyverns
  4 spatial vortices
  7 wind drakes
  Menkaure (D:6)
  2 necrophages
  A deep troll zombie (Vaults:4)
  3 swamp drakes (Zig:7)
  2 gargoyles
  2 ogre zombies
  5 mottled dragons
  5 wargs
  51 nagas
  A human (D:9)
  7 porcupines
  11 sharks
  20 small abominations
  7 yellow wasps
  80 ogres
  32 water moccasins
  4 human skeletons
  A phantom (D:7)
  5 ice beasts
  7 hell hounds
  A spider (shapeshifter) (Vaults:1)
  7 sky beasts
  A boring beetle (shapeshifter) (Vaults:1)
  7 deep elf fighters
  38 orc warriors
  19 crocodiles
  30 merfolk
  Sigmund (D:3)
  16 centaurs
  A lost soul (Vaults:5)
  15 giant slugs
  3 big kobolds
  An earth elemental (Abyss:1)
  2 giant goldfish
  6 wolves (Lair:4)
  A brain worm (Abyss:4)
  2 yaktaur zombies
  16 giant frogs
  3 insubstantial wisps (Abyss:4)
  2 boring beetles
  A gnoll sergeant (D:13)
  A cyclops zombie (D:16)
  2 scorpions (D:4)
  3 yak zombies
  An eye of draining (shapeshifter) (Vaults:2)
  7 eyes of draining
  A hippogriff skeleton (D:9)
  10 killer bees
  2 electric eels
  5 wights
  A yak skeleton (D:7)
  2 goliath beetles
  15 crimson imps
  11 hounds
  29 starcursed masses
  11 iguanas
  7 jellies
  33 orc wizards
  3 big fish (Lair:3)
  2 quasits
  2 centaur skeletons (D:8)
  A giant frog skeleton (D:6)
  7 iron imps
  29 orc priests
  A gnoll shaman (D:7)
  A black bear skeleton (D:6)
  Natasha (thrice) (D:4)
  A spectral orc (Orc:2)
  12 worker ants
  A lightning spire (Zig:4)
  4 orange rats (Depths:3)
  39 sheep
  An ogre skeleton (D:6)
  A boggart (Depths:2)
  2 hound skeletons
  2 mummies
  31 green rats
  A shadow imp (Zig:4)
  A steam dragon zombie (D:9)
  6 giant mites
  37 adders
  16 gnolls
  13 white imps
  6 worms
  15 ufetubi
  2 adder skeletons
  An iguana skeleton (D:11)
  3 orc skeletons
  6 giant eyeballs
  11 giant geckos
  An ooze (D:1)
  184 orcs
  26 bats
  5 giant cockroaches
  21 hobgoblins
  19 jackals
  20 kobolds
  3 ball pythons
  A giant gecko skeleton (D:9)
  4 giant newts
  A giant spore (D:12)
  21 goblins
  2 hobgoblin skeletons (D:6)
  8 illusory rakshasas (D:15)
  3 orc zombies
  10 quokkas
  25 rats
  2 ballistomycetes
  3 crawling corpses (Vaults:5)
  2 fungi
  10 plants
  3 starspawn tentacles
  7 tentacles
2937 creatures vanquished.

Vanquished Creatures (others)
  A tengu reaver (Vaults:5)
  A fire giant (Vaults:4)
  An alligator (Zig:7)
  A naga mage (Snake:5)
  A yaktaur (Vaults:4)
  2 two-headed ogres (Orc:4)
  An air elemental (Depths:5)
  A small abomination (Abyss:3)
  2 orc warriors (Vaults:1)
  A swamp drake (Zig:7)
  2 ogres
  A giant frog (Zig:7)
  An orc priest (Vaults:1)
  A green rat (Lair:3)
  A white imp (IceCv)
  4 ufetubi
  2 orcs
  2 giant spores
  An illusory rakshasa (Depths:2)
  15 plants
  14 starspawn tentacles
  77 starspawn tentacle segments
  17 tentacles
  192 tentacle segments
342 creatures vanquished.

Grand Total: 3279 creatures vanquished

Notes
Turn   | Place    | Note
--------------------------------------------------------------
     0 | D:1      | inopia, the Minotaur Fighter, began the quest for the Orb.
     0 | D:1      | Reached XP level 1. HP: 19/19 MP: 1/1
   149 | D:1      | Reached XP level 2. HP: 21/27 MP: 1/1
   342 | D:1      | Reached skill level 4 in Fighting
   548 | D:2      | Reached XP level 3. HP: 29/33 MP: 2/2
   945 | D:2      | Found a radiant altar of Vehumet.
   955 | D:2      | Found a burning altar of Makhleb.
  1037 | D:2      | Reached XP level 4. HP: 40/40 MP: 2/2
  1237 | D:3      | Reached skill level 1 in Dodging
  1374 | D:3      | Noticed Sigmund
  1393 | D:3      | Killed Sigmund
  1393 | D:3      | Reached XP level 5. HP: 26/46 MP: 2/2
  1481 | D:3      | Reached skill level 5 in Shields
  1681 | D:4      | Reached skill level 5 in Armour
  1735 | D:4      | Found a glowing drain.
  1791 | D:4      | Reached XP level 6. HP: 37/52 MP: 3/3
  1819 | Sewer    | Entered a sewer
  2047 | Sewer    | Reached skill level 1 in Stealth
  2359 | D:4      | Noticed Natasha
  2369 | D:4      | Killed Natasha
  2411 | D:4      | Noticed Natasha
  2416 | D:4      | Killed Natasha
  2419 | D:4      | Noticed Natasha
  2422 | D:4      | Killed Natasha
  2470 | D:4      | Reached XP level 7. HP: 43/60 MP: 3/3
  2908 | D:5      | Entered Level 5 of the Dungeon
  2918 | D:5      | Reached skill level 5 in Polearms
  2919 | D:5      | Reached skill level 6 in Armour
  3389 | D:5      | Found a snail-covered altar of Cheibriados.
  3599 | D:6      | Reached XP level 8. HP: 49/67 MP: 3/3
  3668 | D:6      | Found Twuefav's Jewellery Emporium.
  3974 | D:6      | Reached skill level 7 in Armour
  4089 | D:6      | Found a deep blue altar of Sif Muna.
  4118 | D:6      | Reached skill level 5 in Dodging
  4331 | D:6      | Paralysed by a giant eyeball for 3 turns
  4338 | D:6      | Paralysed by a giant eyeball for 3 turns
  4711 | D:6      | Bought the ring "Oludeosm" {SustAb +Rage} for 308 gold pieces
  4716 | D:6      | Found Saetoas' Gadget Shoppe.
  4846 | D:6      | Noticed Menkaure
  4852 | D:6      | Killed Menkaure
  4852 | D:6      | Reached skill level 5 in Fighting
  5291 | D:7      | Reached XP level 9. HP: 70/74 MP: 4/4
  5309 | D:7      | Found a staircase to the Ecumenical Temple.
  5316 | Temple   | Entered the Ecumenical Temple
  5346 | Temple   | Became a worshipper of Warmaster Okawaru
  5412 | D:7      | Reached skill level 8 in Shields
  5623 | D:7      | Noticed Prince Ribbit
  5661 | D:7      | Killed Prince Ribbit
  6177 | D:7      | Acquired Okawaru's first power
  6380 | D:7      | Found a basalt altar of Yredelemnul.
  6904 | D:8      | Reached skill level 9 in Shields
  6949 | D:8      | Reached XP level 10. HP: 17/84 MP: 2/4
  6994 | D:8      | Found a staircase to the Lair.
  7546 | D:8      | Found a glowing silver altar of Zin.
  8664 | D:9      | Noticed Maurice
  8686 | D:9      | Killed Maurice
  8719 | D:9      | Reached skill level 10 in Shields
  8807 | D:9      | Reached skill level 10 in Polearms
  8881 | D:9      | Found Vayjas' Distillery.
  8890 | D:9      | Bought a potion of invisibility for 82 gold pieces
  8890 | D:9      | Bought a potion of restore abilities for 45 gold pieces
  8890 | D:9      | Bought a potion of agility for 37 gold pieces
  9022 | D:9      | Found a glowing silver altar of Zin.
  9022 | D:9      | Noticed an angel
  9281 | D:10     | Entered Level 10 of the Dungeon
  9383 | D:10     | Noticed a hill giant
  9386 | D:10     | Reached XP level 11. HP: 39/94 MP: 4/4
  9399 | D:10     | Killed a hill giant
  9533 | D:10     | Acquired Okawaru's second power
 10018 | D:10     | Reached skill level 11 in Polearms
 10442 | D:11     | Noticed Psyche
 10639 | D:11     | Found Xuthodaj's Jewellery Shop.
 10644 | D:11     | Noticed Urug
 10686 | D:11     | Killed Urug
 10686 | D:11     | Received a gift from Okawaru
 10690 | D:11     | Got a steaming demon trident {god gift}
 10691 | D:11     | Identified the cursed +11,+6 demon trident "Eneonoys" {drain, Str+3 Int+4 Curse} (Okawaru gifted it to you on level 11 of the Dungeon)
 11240 | D:11     | Killed Psyche
 11352 | D:11     | Killed an unseen horror
 11352 | D:11     | Reached skill level 1 in Throwing
 11717 | D:12     | Found a staircase to the Orcish Mines.
 11734 | D:12     | Found a roughly hewn altar of Beogh.
 11919 | D:12     | Reached skill level 1 in Invocations
 11989 | D:12     | Found Xis Itaf's Gadget Shoppe.
 12000 | D:12     | Reached XP level 12. HP: 95/105 MP: 6/6
 12002 | D:12     | Received a gift from Okawaru
 12082 | D:12     | Killed an unseen horror
 12082 | D:12     | Reached skill level 12 in Polearms
 12497 | D:12     | Reached skill level 10 in Armour
 12560 | D:12     | Found Klaje's Antique Weapon Shop.
 13116 | Lair:1   | Entered Level 1 of the Lair of Beasts
 13184 | Lair:1   | Noticed Harold
 13199 | Lair:1   | Killed Harold
 13408 | Lair:1   | Got a shimmering scale mail
 13409 | Lair:1   | Identified the +4 scale mail of the Harp {+Inv rElec} (You found it on level 1 of the Lair of Beasts)
 13564 | Lair:2   | Reached skill level 10 in Fighting
 14350 | Lair:3   | Found a staircase to the Snake Pit.
 14494 | Lair:3   | Reached skill level 13 in Polearms
 15442 | Lair:4   | Reached skill level 10 in Dodging
 16005 | Lair:5   | Found a labyrinth entrance.
 16017 | Lab      | Entered a labyrinth
 16197 | Lab      | Reached XP level 13. HP: 114/114 MP: 7/7
 16258 | Lab      | Noticed a minotaur
 16266 | Lab      | Killed a minotaur
 16582 | Lair:5   | Received a gift from Okawaru
 16639 | Lair:5   | Found a staircase to the Shoals.
 17546 | Lair:6   | Reached skill level 14 in Polearms
 17606 | Lair:6   | Found a dark tunnel.
 17839 | Lair:6   | Received a gift from Okawaru
 18363 | Lair:7   | Got a shimmering sling
 19138 | Lair:8   | Entered Level 8 of the Lair of Beasts
 19257 | Lair:8   | Received a gift from Okawaru
 19257 | Lair:8   | Reached skill level 15 in Polearms
 19548 | Lair:8   | Reached XP level 14. HP: 101/126 MP: 7/7
 19998 | Lair:8   | Received a gift from Okawaru
 20077 | Lair:8   | Found a staircase to the Slime Pits.
 20156 | Lair:8   | Identified the +4,+4 sling of Chunwa Thruung {frost, rF+ rC+} (You found it on level 7 of the Lair of Beasts)
 20646 | Orc:1    | Entered Level 1 of the Orcish Mines
 20646 | Orc:1    | Found a roughly hewn altar of Beogh.
 20646 | Orc:1    | Noticed Eustachio
 20680 | Orc:1    | Killed Eustachio
 21134 | Orc:2    | Noticed Nergalle
 21144 | Orc:2    | Killed Nergalle
 21239 | Orc:2    | Found a bloodstained altar of Trog.
 21729 | Orc:3    | Reached skill level 16 in Polearms
 21847 | Orc:3    | Found a roughly hewn altar of Beogh.
 22018 | Orc:3    | Found a staircase to the Elven Halls.
 22101 | Orc:3    | Identified Iniqusu's Guide on Companions
 22306 | Orc:4    | Entered Level 4 of the Orcish Mines
 22498 | Orc:4    | Found a staircase to the Elven Halls.
 22527 | Orc:4    | the staircase to the Elven Halls was a mimic.
 22635 | Orc:4    | Reached skill level 5 in Throwing
 22690 | Orc:4    | Cast into the Abyss (ogre mage)
 22894 | Abyss:1  | Found a shattered altar of Ashenzari.
 22988 | Abyss:1  | Noticed a bone dragon
 23018 | Abyss:1  | Killed a bone dragon
 23032 | Abyss:1  | Paralysed by accursed screaming for 1 turns
 23035 | Abyss:1  | Paralysed by accursed screaming for 1 turns
 23265 | Abyss:1  | Noticed a revenant
 23268 | Orc:4    | Escaped the Abyss
 23282 | Orc:4    | Found Munant's Magic Scroll Shoppe.
 23282 | Orc:4    | Found Hagaykh's Distillery.
 23284 | Orc:4    | Found Phuvy's Weapon Boutique.
 23284 | Orc:4    | Found Donlil's Distillery.
 23453 | Orc:4    | Received a gift from Okawaru
 23478 | Orc:4    | Bought a potion of paralysis for 14 gold pieces
 23479 | Orc:4    | Bought a potion of strong poison for 34 gold pieces
 23479 | Orc:4    | Bought a potion of heal wounds for 51 gold pieces
 23505 | Orc:4    | Bought a scroll of acquirement for 624 gold pieces
 23507 | Orc:4    | Bought a potion of cure mutation for 490 gold pieces
 24441 | D:13     | Reached XP level 15. HP: 116/135 MP: 9/9
 24525 | D:13     | Reached skill level 17 in Polearms
 25109 | D:14     | Found Baaffauv's Blood Bar.
 25439 | D:14     | Received a gift from Okawaru
 25673 | D:15     | Entered Level 15 of the Dungeon
 25937 | D:15     | Found a gate to the Vaults.
 26159 | D:15     | Received a gift from Okawaru
 26541 | D:15     | Got a brightly glowing leather armour
 26549 | D:15     | Identified the cursed -7 leather armour of Qacemn {MR+} (You found it on level 15 of the Dungeon)
 26612 | D:16     | Entered Level 16 of the Dungeon
 26840 | D:16     | Received a gift from Okawaru
 26899 | D:16     | Reached skill level 18 in Polearms
 27283 | D:16     | Received a gift from Okawaru
 27299 | D:16     | Found a staircase to the Depths.
 27499 | D:16     | Received a gift from Okawaru
 27513 | D:16     | Reached skill level 15 in Shields
 27668 | D:16     | Received a gift from Okawaru
 28293 | Snake:1  | Entered Level 1 of the Snake Pit
 28722 | Snake:1  | Reached XP level 16. HP: 145/145 MP: 9/9
 29971 | Snake:2  | Received a gift from Okawaru
 30586 | Snake:3  | Received a gift from Okawaru
 30599 | Snake:3  | Noticed Saint Roka
 30618 | Snake:3  | Killed Saint Roka
 31081 | Snake:3  | Reached skill level 19 in Polearms
 32301 | Snake:4  | Received a gift from Okawaru
 32373 | Snake:5  | Entered Level 5 of the Snake Pit
 32899 | D:11     | Bought an uncursed amulet of stasis for 280 gold pieces
 33341 | Snake:5  | Noticed Vashnia
 33369 | Snake:5  | Killed Vashnia
 33603 | Snake:5  | Noticed Aizul
 33615 | Snake:5  | Killed Aizul
 33623 | Snake:5  | Reached skill level 10 in Throwing
 33746 | Snake:5  | Reached XP level 17. HP: 121/154 MP: 11/11
 34103 | Snake:5  | Received a gift from Okawaru
 34172 | Snake:5  | Received a gift from Okawaru
 34277 | Snake:5  | Received a gift from Okawaru
 34375 | Snake:5  | Got a serpentine rune of Zot
 34865 | Shoals:1 | Entered Level 1 of the Shoals
 34939 | Shoals:1 | Found Thryd's Distillery.
 34980 | Shoals:1 | Bought a potion of resistance for 98 gold pieces
 35411 | Shoals:2 | Noticed Nessos
 35428 | Shoals:2 | Found a frozen archway.
 35456 | Shoals:2 | Killed Nessos
 35475 | IceCv    | Entered an ice cave
 35681 | IceCv    | Noticed an Ice Fiend
 35712 | IceCv    | Killed an Ice Fiend
 35729 | IceCv    | Received a gift from Okawaru
 36000 | Shoals:2 | Received a gift from Okawaru
 36006 | Shoals:2 | Reached skill level 20 in Polearms
 36574 | Shoals:2 | Noticed Polyphemus
 37194 | Shoals:2 | Reached skill level 1 in Evocations
 37232 | Shoals:2 | Killed Polyphemus
 37264 | Shoals:2 | HP: 4/154 [drowned by a water nymph (9)]
 37482 | Shoals:3 | Reached skill level 15 in Fighting
 37523 | Shoals:3 | Got a blackened crystal plate armour
 37524 | Shoals:3 | Identified the +12 crystal plate armour of the Failed Coup {Dex+4 Int-5} (You acquired it on level 3 of the Shoals)
 37820 | Shoals:3 | Reached XP level 18. HP: 163/163 MP: 13/13
 38487 | Shoals:4 | Received a gift from Okawaru
 38598 | Shoals:5 | Entered Level 5 of the Shoals
 38638 | Shoals:4 | Upgraded the game from 0.14-a0-3154-g428849b to 0.14-a0-3167-gc8df72d
 38735 | Shoals:5 | Received a gift from Okawaru
 38759 | Shoals:5 | Got a barnacled rune of Zot
 38898 | Shoals:5 | Noticed Ilsuiw
 38911 | Shoals:5 | Killed Ilsuiw
 39207 | Shoals:5 | Reached skill level 21 in Polearms
 40290 | Vaults:1 | Entered Level 1 of the Vaults
 40549 | Vaults:1 | Received a gift from Okawaru
 40845 | Vaults:1 | Received a gift from Okawaru
 40848 | Vaults:1 | Reached XP level 19. HP: 82/172 MP: 14/15
 41182 | Vaults:1 | Found a glowing golden altar of the Shining One.
 41270 | Vaults:1 | Received a gift from Okawaru
 41312 | Vaults:1 | Received a gift from Okawaru
 41384 | Vaults:1 | Received a gift from Okawaru
 41557 | Vaults:1 | Cast into the Abyss (ogre mage)
 41637 | Abyss:1  | Received a gift from Okawaru
 41789 | Abyss:1  | Reached skill level 22 in Polearms
 41871 | Abyss:1  | Paralysed by accursed screaming for 1 turns
 41873 | Abyss:1  | Found a corrupted altar of Lugonu.
 42067 | Abyss:1  | Noticed a bone dragon
 42096 | Vaults:1 | Escaped the Abyss
 42104 | Vaults:1 | Received a gift from Okawaru
 42205 | Vaults:1 | Got a wavering bone ring
 42238 | Vaults:1 | Identified the ring of the Voivode {rPois Str+3 Dex-3} (You found it on level 1 of the Vaults)
 42584 | Vaults:1 | Found Qiquuj's Armour Emporium.
 43707 | Vaults:2 | Received a gift from Okawaru
 43757 | Vaults:2 | Received a gift from Okawaru
 43865 | Vaults:2 | Reached skill level 23 in Polearms
 43938 | Vaults:2 | Found a staircase to the Crypt.
 43968 | Vaults:2 | Reached XP level 20. HP: 182/182 MP: 17/17
 44252 | Vaults:2 | Found Kuajap's Magic Scroll Shop.
 44261 | Vaults:2 | Bought a scroll of torment for 142 gold pieces
 44608 | Vaults:3 | Received a gift from Okawaru
 44836 | Vaults:3 | Found Brievahu's General Store.
 44843 | Vaults:3 | Bought a meat ration for 65 gold pieces
 45194 | Vaults:3 | Found a staircase to the Hall of Blades.
 45213 | Blade    | Entered the Hall of Blades
 46484 | Vaults:4 | Reached skill level 24 in Polearms
 46523 | Vaults:4 | Found a portal to a secret trove of treasure.
 46723 | Vaults:4 | Noticed Boris
 46749 | Vaults:4 | Killed Boris
 46814 | Vaults:4 | Received a gift from Okawaru
 46844 | Vaults:4 | Noticed Jorgrun
 46868 | Vaults:4 | Killed Jorgrun
 47069 | Vaults:4 | Reached XP level 21. HP: 163/194 MP: 17/18
 47404 | Vaults:4 | Received a gift from Okawaru
 47673 | Vaults:5 | Entered Level 5 of the Vaults
 47673 | Vaults:5 | Noticed Jory
 47740 | Vaults:4 | Received a gift from Okawaru
 47812 | Vaults:4 | Received a gift from Okawaru
 47892 | Vaults:4 | Killed Jory
 48215 | Vaults:5 | Lost intelligence.
 48234 | Vaults:5 | Received a gift from Okawaru
 48927 | Vaults:4 | Received a gift from Okawaru
 48982 | Vaults:4 | Paralysed by a sphinx for 5 turns
 48999 | Vaults:4 | Reached skill level 25 in Polearms
 49388 | Vaults:5 | Cast into the Abyss (deep elf demonologist)
 49388 | Abyss:1  | Found a corrupted altar of Lugonu.
 49552 | Vaults:5 | Escaped the Abyss
 49561 | Vaults:5 | HP: 7/196 [ettin/dire flail (11)]
 49572 | Vaults:5 | Noticed an ancient lich
 49868 | Vaults:5 | Paralysed by an ancient lich for 2 turns
 49875 | Vaults:5 | Killed an ancient lich
 49875 | Vaults:5 | Reached XP level 22. HP: 109/204 MP: 19/21
 50426 | Vaults:5 | Got a vibrating wooden ring
 50482 | Vaults:5 | Got an ancient steel ring
 50486 | Vaults:5 | Identified the ring "Xeocedod" {rC+ Str+3 Int+1} (You took it off a vault warden on level 5 of the Vaults)
 50489 | Vaults:5 | Identified the ring of Shrynijo {SustAb Str+2 Int+3} (You took it off a yaktaur captain on level 5 of the Vaults)
 50793 | Vaults:5 | Identified a +0 cloak of preservation (You found it on level 5 of the Vaults)
 50980 | Vaults:5 | Received a gift from Okawaru
 51156 | Vaults:5 | Found Laynal's Distillery.
 51160 | Vaults:5 | Bought a potion of heal wounds for 54 gold pieces
 51160 | Vaults:5 | Bought a potion of heal wounds for 54 gold pieces
 51160 | Vaults:5 | Bought a potion of curing for 36 gold pieces
 51170 | Vaults:5 | Found Lovy's Magic Scroll Shoppe.
 51174 | Vaults:5 | Bought a scroll of enchant armour for 142 gold pieces
 51175 | Vaults:5 | Bought 3 scrolls of blinking for 427 gold pieces
 51217 | Vaults:5 | Found Isafuan's Food Shoppe.
 51226 | Vaults:5 | Bought a meat ration for 55 gold pieces
 51226 | Vaults:5 | Bought a meat ration for 55 gold pieces
 51226 | Vaults:5 | Bought a bread ration for 48 gold pieces
 51226 | Vaults:5 | Bought a bread ration for 48 gold pieces
 51226 | Vaults:5 | Bought a meat ration for 55 gold pieces
 51450 | Vaults:5 | Got a silver rune of Zot
 52535 | Vaults:5 | Identified the Papyrus of the Captivating Frostbite (You found it on level 5 of the Vaults)
 52639 | Vaults:5 | Reached skill level 15 in Armour
 52644 | Vaults:5 | Paralysed by a great orb of eyes for 6 turns
 53272 | Depths:1 | Entered Level 1 of the Depths
 53404 | Depths:1 | Received a gift from Okawaru
 53418 | Depths:1 | Found a gateway to Hell.
 53762 | Depths:1 | Noticed Mara
 53765 | Depths:1 | Noticed inopia's illusion
 53822 | Depths:1 | Killed inopia's illusion
 53844 | Depths:1 | Gained mutation: Your vision is a little blurry. [a cacodemon]
 53870 | Depths:1 | Reached skill level 26 in Polearms
 53978 | Depths:1 | Found a shattered altar of Ashenzari.
 53981 | Depths:1 | Killed Mara
 54468 | Depths:1 | Noticed Agnes
 54479 | Depths:1 | Killed Agnes
 55072 | Depths:2 | Reached XP level 23. HP: 210/215 MP: 22/22
 55325 | Depths:2 | Found a corrupted altar of Lugonu.
 55325 | Depths:2 | Found a one-way gate to the infinite horrors of the Abyss.
 55408 | Depths:2 | Got a transparent ring mail
 55626 | Depths:2 | Received a gift from Okawaru
 55649 | Depths:2 | Identified the +4 ring mail of Fun and Games {Str-3 Int+5} (You found it on level 2 of the Depths)
 55723 | Depths:2 | Found a snail-covered altar of Cheibriados.
 56033 | Depths:3 | Noticed Frederick
 56045 | Depths:3 | Killed Frederick
 56095 | Depths:3 | Cast into the Abyss (hell knight)
 56286 | Abyss:1  | Received a gift from Okawaru
 56540 | Abyss:1  | Reached skill level 5 in Stealth
 56679 | Abyss:1  | Found a viscous altar of Jiyva.
 56902 | Abyss:2  | Found a corrupted altar of Lugonu.
 56914 | Abyss:2  | Received a gift from Okawaru
 57912 | Abyss:4  | Found a corrupted altar of Lugonu.
 57954 | Abyss:4  | Found a corrupted altar of Lugonu.
 57955 | Abyss:4  | Lost intelligence.
 57980 | Abyss:4  | Received a gift from Okawaru
 58346 | Abyss:4  | Found a corrupted altar of Lugonu.
 58368 | Abyss:4  | Received a gift from Okawaru
 58378 | Abyss:4  | Got an abyssal rune of Zot
 58397 | Abyss:4  | Lost intelligence.
 58399 | Abyss:4  | Reached skill level 27 in Polearms
 58413 | Depths:3 | Escaped the Abyss
 58529 | Depths:3 | Found a one-way gate leading to the halls of Pandemonium.
 58573 | Depths:3 | Received a gift from Okawaru
 58725 | Depths:3 | Found Puasaix's Magic Scroll Boutique.
 58751 | Depths:3 | Gained mutation: You have a fast metabolism. [a shining eye]
 58968 | Depths:3 | Received a gift from Okawaru
 59138 | Depths:3 | Received a gift from Okawaru
 59138 | Depths:3 | Reached XP level 24. HP: 193/226 MP: 23/23
 59384 | Depths:4 | Found a shimmering altar of Xom.
 59424 | Depths:4 | Found a shimmering altar of Xom.
 59426 | Depths:4 | Found a shimmering altar of Xom.
 59427 | Depths:4 | Found a shimmering altar of Xom.
 59539 | Depths:4 | Paralysed by a great orb of eyes for 3 turns
 59771 | Depths:4 | Paralysed by a giant eyeball for 2 turns
 59774 | Depths:4 | Paralysed by a giant eyeball for 4 turns
 59911 | Depths:4 | Reached skill level 10 in Stealth
 60114 | Depths:4 | Got a heavily runed plate armour
 60115 | Depths:4 | Identified the cursed +11 plate armour of Resilience {rElec rF+ SInv} (You took it off a deep elf priest on level 4 of the Depths)
 60615 | Depths:4 | Got a warped bardiche
 60616 | Depths:4 | Identified the cursed +0,+1 bardiche of Conscience {freeze, MR++ Str+4} (You found it on level 4 of the Depths)
 60823 | Depths:4 | Received a gift from Okawaru
 61512 | Depths:5 | Paralysed by a giant eyeball for 4 turns
 61532 | Depths:5 | Paralysed by a giant eyeball for 2 turns
 61722 | Depths:5 | Received a gift from Okawaru
 61842 | Depths:5 | Paralysed by a giant eyeball for 3 turns
 62142 | Depths:6 | Entered Level 6 of the Depths
 62485 | Depths:6 | Reached XP level 25. HP: 208/237 MP: 23/23
 62591 | Depths:6 | Upgraded the game from 0.14-a0-3167-gc8df72d to 0.14-a0-3194-g0089908
 62901 | Depths:6 | Received a gift from Okawaru
 63019 | Depths:6 | Found a gate to the Realm of Zot.
 63287 | Depths:6 | Found a gateway to a ziggurat.
 63297 | Depths:6 | Received a gift from Okawaru
 63335 | Depths:6 | Paralysed by a giant eyeball for 2 turns
 63393 | Zig:1    | Entered Level 1 of a ziggurat
 63413 | Zig:2    | Entered Level 2 of a ziggurat
 63476 | Zig:3    | Entered Level 3 of a ziggurat
 63512 | Zig:3    | Reached skill level 5 in Invocations
 63512 | Zig:3    | Reached XP level 26. HP: 246/246 MP: 23/24
 63522 | Zig:4    | Entered Level 4 of a ziggurat
 63557 | Zig:4    | Received a gift from Okawaru
 63741 | Zig:5    | Entered Level 5 of a ziggurat
 63828 | Zig:6    | Entered Level 6 of a ziggurat
 63960 | Zig:7    | Entered Level 7 of a ziggurat
 64089 | Zig:8    | Entered Level 8 of a ziggurat
 64458 | Zig:8    | Got a distressingly furry plate armour
 64459 | Zig:8    | Identified the +4 plate armour of the Wumpus {Str+3 Int+5} (You found it on level 8 of a ziggurat)
 64493 | Zig:9    | Entered Level 9 of a ziggurat
 64545 | Zig:9    | Killed from afar by a hellion

Action                   |  1- 3 |  4- 6 |  7- 9 | 10-12 | 13-15 | 16-18 | 19-21 | 22-24 | 25-27 || total
-------------------------+-------+-------+-------+-------+-------+-------+-------+-------+-------++-------
Melee: Trident           |   105 |   176 |   511 |   634 |       |       |       |       |       ||  1426
       Demon trident     |       |       |       |   515 |  1647 |  1889 |  2183 |  2500 |   384 ||  9118
Throw: Javelin           |       |       |       |    61 |     7 |    96 |    26 |    76 |    62 ||   328
       Tomahawk          |       |       |       |    17 |   342 |   300 |    28 |     2 |       ||   689
Invok: Heroism           |       |       |     1 |     5 |     6 |    12 |    10 |     4 |       ||    38
       Finesse           |       |       |       |       |       |     2 |     3 |     1 |     3 ||     9
 Abil: Evoke Berserk Rag |       |       |       |     1 |       |       |       |       |       ||     1
       Evoke Teleport Co |       |       |       |       |       |       |       |     2 |       ||     2
Evoke: Wand              |       |       |     1 |     7 |     7 |     9 |     8 |     2 |       ||    34
  Use: Scroll            |       |     6 |     5 |    15 |    20 |    17 |     6 |    18 |    13 ||   100
       Potion            |       |       |    10 |     4 |    17 |    15 |     8 |     5 |     5 ||    64
 Stab: Fleeing           |       |       |       |       |     2 |       |       |       |       ||     2
       Distracted        |       |       |       |       |       |     1 |       |     1 |       ||     2
       Confused          |       |       |       |       |       |       |       |     1 |       ||     1
